 Dungeon Crawl Stone Soup version 0.31-a0-196-g86fe4a5e66 (webtiles) character file.

Game seed: 72360412662204172

122 qw the Skirmisher (level 4, -2/25 HPs)
             Began as a Deep Elf Hunter on June 24, 2023.
             Succumbed to a scorpion's poison
             ... on level 4 of the Dungeon.
             The game lasted 00:01:39 (3077 turns).

qw the Skirmisher (Deep Elf Hunter)                 Turns: 3077, Time: 00:01:39

Health: -2/25      AC:  8    Str: 10    XL:     4   Next: 78%
Magic:  6/6        EV:  9    Int: 14    God:
Gold:   135        SH:  0    Dex: 18    Spells: 3/3 levels left

rFire   . . .        Y - +1 shortbow
rCold   + . .        (shield currently unavailable)
rNeg    . . .        m - +0 scale mail {rC+}
rPois   .            b - +2 hat
rElec   .            (no cloak)
rCorr   .            (no gloves)
SInv    .            (no boots)
Will    .....        (no amulet)
Stlth   +            (no ring)
HPRegen 0.24/turn    (no ring)
MPRegen 0.10/turn

%: no passive effects
@: lethally poisoned (-2 -> -16), about to teleport
A: no striking features
a: no special abilities


You were on level 4 of the Dungeon.
You visited 1 branch of the dungeon, and saw 4 of its levels.

You collected 135 gold pieces.


   Skills:
 - Level 1.5 Fighting
 + Level 8.2 Ranged Weapons
 - Level 2.4 Dodging
 - Level 1.2 Stealth


You had 3 spell levels left.
You didn't know any spells.
Your spell library was empty.

Inventory:

Hand Weapons
 Y - a +1 shortbow (weapon)
Armour
 b - a +2 hat (worn)
 e - a +0 ring mail
 m - a +0 scale mail of cold resistance (worn)
Potions
 a - a potion of curing {unknown}
 c - a potion of mutation {unknown}
 f - a potion of degeneration {unknown}
 g - a potion of heal wounds {unknown}
 h - a potion of attraction {unknown}

Dungeon Overview and Level Annotations

Branches:
Dungeon (4/15)
 Temple: D:4-7

Altars:
Nemelex Xobeh

Shops:
D:1 !   D:3 :

Annotations:
D:3 3 runed translucent doors, 1 transporter, qw's ghost, amateur DEHu; qw's ghost, amateur GrFi


Message History

A scorpion comes into view.
You shoot an arrow. The arrow hits the scorpion.
The scorpion is lightly wounded.
You shoot an arrow. The arrow hits the scorpion!
The scorpion is severely wounded.
The scorpion stings you.
You are poisoned.
The scorpion poisons you! The scorpion closely misses you.
You shoot an arrow.
The arrow hits the scorpion but does no damage.
The scorpion is severely wounded.
You feel very sick.
The scorpion stings you but does no damage.
You shoot an arrow.
The arrow hits the scorpion but does no damage.
The scorpion is severely wounded.
You feel sick.
The scorpion stings you but does no damage.
The scorpion stings you.
You shoot an arrow.
The arrow completely misses the scorpion.
You feel sick.
The scorpion stings you but does no damage.
You shoot an arrow.
The arrow hits the scorpion but does no damage.
The scorpion is severely wounded.
You feel sick.
The scorpion stings you but does no damage. x2
You shoot an arrow. The arrow closely misses the scorpion.
You feel sick. The scorpion stings you.
3076 ||| READING scroll of teleportation.
As you read the scroll of teleportation, it crumbles to dust.
You feel strangely unstable.
You feel sick. The scorpion stings you.
You are more poisoned.
The scorpion poisons you! The scorpion completely misses you.
You shoot an arrow.
The arrow hits the scorpion but does no damage.
The scorpion is severely wounded.
You die...

#<# #.###
#...#
###.# #.#
#.# #.#
##.###.#
#....s@#
..#######


You could see a scorpion.

Vanquished Creatures
  An orc priest (D:3)
  An adder (D:3)
  A worm (D:2)
  A dart slug (D:2)
  13 orcs (D:3)
  7 ball pythons
  3 bats
  4 endoplasms
  A giant cockroach (D:3)
  9 goblins
  4 hobgoblins
  3 quokkas
  5 frilled lizards
  3 kobolds
  7 rats
63 creatures vanquished.

Notes
Turn   | Place    | Note
-------+----------+-------------------------------------------
     0 | D:1      | qw the Deep Elf Hunter began the quest for the Orb.
     0 | D:1      | Reached XP level 1. HP: 12/12 MP: 3/3
     0 | D:1      | 0 ||| qw: Version: 0.3-a-9-g12657ce
     0 | D:1      | 0 ||| qw: Game counter: 4808
     0 | D:1      | 0 ||| qw: Always use a shield: true
     0 | D:1      | 0 ||| qw: God list: Okawaru
     0 | D:1      | 0 ||| qw: Allow faded altars: false
     0 | D:1      | 0 ||| qw: Do Orc after D:15 true
     0 | D:1      | 0 ||| qw: Do second Lair branch before Depths: true
     0 | D:1      | 0 ||| qw: Lair rune preference: random
     0 | D:1      | 0 ||| qw: Plans: Normal
     0 | D:1      | 0 ||| PLANNING D:1-11
    26 | D:1      | 26 ||| Stepping ~*~*~tactically~*~*~ (water).
   244 | D:1      | Reached XP level 2. HP: 13/16 MP: 4/4
   297 | D:1      | Reached skill level 6 in Ranged Weapons
   299 | D:1      | Found Acokaer's Distillery.
   306 | D:1      | 306 ||| SHOPLISTING potion of curing (33 gold, have 0).
   306 | D:1      | 306 ||| SHOPLISTING potion of haste (110 gold, have 0).
   306 | D:1      | 306 ||| SHOPLISTING potion of heal wounds (55 gold, have
                  | 0).
   804 | D:1      | 804 ||| UPGRADING to +0 ring mail.
   814 | D:1      | 814 ||| DROPPING +0 leather armour.
   815 | D:1      | 815 ||| UPGRADING to +0 scale mail of cold resistance.
   825 | D:1      | 825 ||| READING 2 scrolls labelled NENNAF BEUL.
   828 | D:1      | 828 ||| READING scroll labelled BULLYO ZAUBBAI.
   829 | D:1      | 829 ||| READING 2 scrolls labelled OCZEPTOGADD.
   830 | D:1      | 830 ||| READING scroll labelled TYADGH USASIYFY.
   831 | D:1      | 831 ||| READING scroll labelled LAEBOKLABA.
   832 | D:1      | 832 ||| DRINKING 2 orange potions.
   864 | D:1      | 864 ||| DROPPING scroll of butterflies.
   865 | D:1      | 865 ||| DROPPING scroll of vulnerability.
   866 | D:1      | 866 ||| DROPPING potion of lignification.
  1099 | D:2      | HP: 4/16 [worm (3)]
  1100 | D:2      | 1100 ||| READING scroll of teleportation.
  1103 | D:2      | Reached XP level 3. HP: 6/20 MP: 5/5
  1621 | D:2      | Reached skill level 7 in Ranged Weapons
  1774 | D:2      | 1774 ||| UPGRADING to +2 hat.
  1779 | D:2      | 1779 ||| READING scroll labelled CEFFAI REHAXT.
  1780 | D:2      | 1780 ||| READING scroll labelled AHE OLAUDUO.
  1781 | D:2      | 1781 ||| READING scroll labelled LERHUMAHUPT.
  1782 | D:2      | 1782 ||| DRINKING 2 bubbling golden potions.
  1783 | D:2      | 1783 ||| DROPPING potion of brilliance.
  2055 | D:3      | Reached XP level 4. HP: 25/25 MP: 6/6
  2072 | D:3      | Found a runed translucent gate.
  2072 | D:3      | Found a runed translucent gate.
  2072 | D:3      | Found a runed translucent gate.
  2073 | D:3      | Noticed qw's ghost (amateur GrFi)
  2074 | D:3      | Noticed qw's ghost (amateur DEHu)
  2136 | D:3      | 2136 ||| Stepping ~*~*~tactically~*~*~ (outnumbered).
  2152 | D:3      | Reached skill level 8 in Ranged Weapons
  2259 | D:3      | Found Zuitim's Book Emporium.
  2285 | D:3      | Found a sparkling altar of Nemelex Xobeh.
  2285 | D:3      | Found a transporter.
  2285 | D:3      | Noticed an ogre
  2460 | D:3      | 2460 ||| FLEEEEING.
  2529 | D:3      | Found a faded altar of an unknown god.
  3068 | D:4      | Noticed a scorpion
  3075 | D:4      | HP: 5/25 [scorpion (3)]
  3076 | D:4      | 3076 ||| READING scroll of teleportation.
  3076 | D:4      | HP: 2/25 [scorpion (2)]
  3077 | D:4      | Succumbed to a scorpion's poison

Levels and vault maps discovered:
D:1:      amcnicky_arrival_flooded_fountain, layout_loops_cross, serial_shops,
          shop, chequers_serial_rivers_large_a, patterned_corridor
D:2:      layout_basic
D:3:      layout_basic, grunt_nemelex_the_gamble,
          hellmonk_ecumenical_altar_defaced_shrine, serial_shops,
          nicolae_shop_crystal, gammafunk_ghost_cemetery, nrook_mini_backslash
D:4:      layout_loops_ring, hangedman_decor_clover_reticule, uniq_natasha

Skill      XL: |  1  2  3  4 |
---------------+-------------+-----
Ranged Weapons | 6 7 8 |  8.2
Fighting       | |  1.5
Dodging        | |  2.4
Stealth        | |  1.2

Action                     |  1- 3 |  4- 6 || total
---------------------------+-------+-------++-------
   Fire: Shortbow          |   153 |    42 ||   195
    Use: Scroll            |     9 |     1 ||    10
         Potion            |     2 |       ||     2
 Armour: Leather armour    |     5 |       ||     5
         Scale mail        |    31 |    13 ||    44
  Dodge: Dodged            |    46 |    12 ||    58

Table legend:
 A = Non-vault XP
 B = Vault XP
 C = Vault XP percentage of total XP
 D = Non-vault monster count
 E = Vault monster count
 F = Vault count percentage of total count
                 A         B        C        D         E       F
            +---------+---------+-------+---------+---------+-------
      Total |     169 |       6 |   3.4 |      61 |       2 |   3.2
            +---------+---------+-------+---------+---------+-------
        D:1 |      30 |       0 |   0.0 |      19 |       0 |   0.0
        D:2 |      34 |       0 |   0.0 |      18 |       0 |   0.0
        D:3 |     105 |       6 |   5.4 |      24 |       2 |   7.7
            +---------+---------+-------+---------+---------+-------
